 Dungeon Crawl Stone Soup version 0.25.0-46-gbd7b085 (webtiles) character file.

Game seed: 8700514139463798980

32 DrMo the Chucker (level 3, -3/37 HPs)
             Began as an Ogre Hunter on July 10, 2020.
             Slain by an orc
             ... wielding a +0 flail
              (7 damage)
             ... on level 3 of the Dungeon on July 14, 2020.
             The game lasted 00:01:48 (1603 turns).

DrMo the Chucker (Ogre Hunter)                      Turns: 1603, Time: 00:01:48

Health: -3/37      AC:  3    Str: 17    XL:     3   Next: 27%
Magic:  3/3        EV: 10    Int: 12    God:
Gold:   87         SH:  0    Dex:  9    Spells: 2/2 levels left

rFire    . . .     SeeInvis .   h - +0 whip
rCold    . . .     Gourm    .   (no shield)
rNeg     . . .     Faith    .   b - +0 robe
rPois    .         Spirit   .   (helmet restricted)
rElec    .         Reflect  .   (no cloak)
rCorr    .         Harm     .   (gloves unavailable)
MR       .....                  (boots unavailable)
Stlth    +.........             (no amulet)
HPRegen  0.12/turn              (no ring)
MPRegen  0.08/turn              (no ring)

@: no status effects
A: large, unfitting armour, tough skin 1
a: no special abilities


You were on level 3 of the Dungeon.
You were not hungry.

You visited 1 branch of the dungeon, and saw 3 of its levels.

You collected 87 gold pieces.

Inventory:

Hand Weapons
 a - a +0 short sword
 h - a +0 whip (weapon)
Missiles
 c - 5 large rocks (quivered)
 d - 2 throwing nets
Armour
 b - a +0 robe (worn)
Scrolls
 e - a scroll of remove curse
 i - 2 scrolls of enchant armour
Potions
 g - a potion of might {unknown}
 j - a potion of curing {unknown}
Comestibles
 f - 3 rations


   Skills:
 + Level 3.1 Fighting
 - Level 0.1 Short Blades
 + Level 4.7 Throwing
 + Level 2.0 Dodging
 - Level 0.6 Stealth


You had 2 spell levels left.
You didn't know any spells.
Your spell library was empty.

Dungeon Overview and Level Annotations

Branches:
Dungeon (3/15)

Altars:


Innate Abilities, Weirdness & Mutations

You are too large for most types of armour.
You have tough skin. (AC +1)


Message History

You are too injured to fight recklessly!
You closely miss the orc.
The orc is lightly wounded.
The orc hits you with a +0 club. The orc closely misses you.
The orc hits you from afar with a +0 trident.
* * * LOW HITPOINT WARNING * * *
You hit the orc.
The orc is severely wounded.
The orc hits you but does no damage. The orc hits you with a +0 flail.
* * * LOW HITPOINT WARNING * * *
The orc hits you but does no damage.
You barely miss the orc.
The orc is severely wounded.
The orc closely misses you. The orc barely misses you.
The orc hits you from afar with a +0 trident.
* * * LOW HITPOINT WARNING * * *
You closely miss the orc.
The orc is severely wounded.
The orc barely misses you. The orc hits you with a +0 flail!
You die...

#### #.# ..# #.# #.# #.#
#.#####.# ####....##.# #
#.......##.##
#.##.##.<..#...## ####.
#.....[.#.#.....##o$....
####.####.......@oo...#
#.# #####.###o...... #.#
#.# l.##.#. ####.# #.#
.... .....# ##+## ..###
.##### ##...##..# .####
##.....#... .##.##
##.......###
.#...####.........#


You could see 4 orcs and a frilled lizard.

Vanquished Creatures
  An orc (D:3)
  2 giant cockroaches (D:1)
  4 goblins (D:1)
  3 hobgoblins
  3 jackals (D:2)
  7 kobolds
  A ball python (D:1)
  4 bats
  4 frilled lizards
  2 rats (D:1)
31 creatures vanquished.

Notes
Turn   | Place    | Note
-------+----------+-------------------------------------------
     0 | D:1      | DrMo the Ogre Hunter began the quest for the Orb.
     0 | D:1      | Reached XP level 1. HP: 22/22 MP: 1/1
   411 | D:1      | Reached XP level 2. HP: 26/29 MP: 2/2
  1326 | D:1      | Upgraded the game from 0.25.0-41-g26779e2 to
                  | 0.25.0-46-gbd7b085
  1370 | D:2      | Reached XP level 3. HP: 32/37 MP: 3/3
  1603 | D:3      | Slain by an orc

Illustrated notes

Levels and vault maps discovered:
D:1:      dpeg_arrival_short_road, layout_loops_cross, minmay_misc_feat_plants,
          columned_hall_lemuel, chequers_serial_rivers_small_3,
          dk_noncrumbling_3, corexii_hall_statues_x
D:2:      layout_rooms, grunt_temple_overflow_growth_and_decay
D:3:      kennysheep_goblin_castle, layout_loops_corners, uniq_grinder

Skill      XL: |  1  2  3 |
---------------+----------+-----
Fighting       | 3 |  3.1
Dodging        | 2 |  2.0
Short Blades   | |  0.1
Throwing       | |  4.7
Stealth        | |  0.6

Action                   || total
-------------------------++-------
Melee: Short sword       ||    71
       Whip              ||    52
  Use: Scroll            ||     3
 Stab: Sleeping          ||     1
  Eat: Chunk             ||     2
Armor: Robe              ||    44
Dodge: Dodged            ||    78
